 Dungeon Crawl Stone Soup version 0.19-a0-1021-g80cc50c (webtiles) character file.

247554 magipi the Fencer (level 19, -1/172 HPs)
             Began as a Gargoyle Berserker on July 26, 2016.
             Was a High Priest of Trog.
             Slain by an azure jelly (6 damage)
             ... created by the Royal Jelly
             ... on level 5 of the Pits of Slime on July 27, 2016.
             The game lasted 03:53:03 (26610 turns).

magipi the Fencer (Gargoyle Berserker)             Turns: 26610, Time: 03:53:03

Health: -1/172     AC: 36    Str: 28    XL:     19   Next: 54%
Magic:  28/28      EV: 25    Int:  6    God:    Trog [*****.]
Gold:   94         SH:  0    Dex: 20    Spells: 0 memorised, 18 levels left

rFire  + + .     SeeInvis .     a - +9 great sword (elec)
rCold  + + .     Gourm    .     l - +1 fire dragon armour
rNeg   + . .     Faith    .     (shield currently unavailable)
rPois  ∞         Spirit   .     s - +2 helmet
rElec  +         Dismiss  .     m - +1 cloak {rC+}
rCorr  +         Reflect  .     N - +2 pair of gloves of Jomiwer {MR+}
SustAt .         Harm     .     x - +1 pair of boots
MR     +++..                    r - amulet of regeneration
Stlth  ..........               c - ring "Adaxeastipp" {rPois rC++ MR+}
                                Q - ring of resist corrosion

@: mighty, agile, berserking, corroded, very slightly contaminated, hasted, very
quick, extremely resistant to hostile enchantments, extremely unstealthy
A: big wings, dopey 1, negative energy resistance 1, electricity resistance,
unbreathing, petrification resistance, no device heal 1, rot immunity, AC +13
a: Fly, Berserk, Trog's Hand, Brothers in Arms, Burn Spellbooks, Renounce
Religion
}: 2/15 runes: barnacled, gossamer


You were on level 5 of the Pits of Slime.
You worshipped Trog.
Trog was extremely pleased with you.
You were not hungry.

You visited 7 branches of the dungeon, and saw 37 of its levels.
You also visited: Bailey and Ice Cave.

You collected 3288 gold pieces.
You spent 3194 gold pieces at shops.

Notes
Turn   | Place    | Note
-------+----------+-------------------------------------------
     0 | D:1      | magipi the Gargoyle Berserker began the quest for the Orb.
     0 | D:1      | Reached XP level 1. HP: 14/14 MP: 1/1
    28 | D:1      | Reached skill level 3 in Long Blades
    65 | D:1      | Reached XP level 2. HP: 18/19 MP: 2/2
   239 | D:1      | Reached ** piety under Trog
   463 | D:2      | Reached XP level 3. HP: 22/23 MP: 3/3
   633 | D:2      | Reached skill level 4 in Long Blades
   930 | D:2      | Found a basalt altar of Yredelemnul.
   976 | D:2      | Reached XP level 4. HP: 22/28 MP: 4/4
  1141 | D:3      | Noticed Robin
  1170 | D:3      | Killed Robin
  1172 | D:3      | Reached *** piety under Trog
  1458 | D:3      | Reached skill level 5 in Long Blades
  1546 | D:3      | Reached XP level 5. HP: 30/32 MP: 5/5
  1961 | D:4      | Noticed Blork the orc
  1978 | D:4      | Killed Blork the orc
  2058 | D:4      | Reached skill level 6 in Long Blades
  2058 | D:4      | Reached XP level 6. HP: 23/37 MP: 6/6
  2108 | D:4      | Noticed Sigmund
  2125 | D:4      | Killed Sigmund
  2178 | D:4      | Reached skill level 7 in Long Blades
  2178 | D:4      | Reached XP level 7. HP: 41/41 MP: 7/7
  2214 | D:4      | Noticed Menkaure
  2226 | D:4      | Killed Menkaure
  2297 | D:4      | Reached **** piety under Trog
  2297 | D:4      | Reached skill level 8 in Long Blades
  2389 | D:4      | Reached XP level 8. HP: 46/46 MP: 8/8
  2550 | D:5      | Entered Level 5 of the Dungeon
  2705 | D:5      | Reached skill level 9 in Long Blades
  2931 | D:5      | Found a staircase to the Ecumenical Temple.
  2943 | D:5      | Found a sparkling altar of Nemelex Xobeh.
  2981 | Temple   | Entered the Ecumenical Temple
  3118 | D:5      | Found Upoxo's Gadget Boutique.
  3392 | D:6      | Noticed Edmund
  3409 | D:6      | Killed Edmund
  3409 | D:6      | Reached skill level 10 in Long Blades
  3803 | D:6      | Reached XP level 9. HP: 50/51 MP: 9/9
  3985 | D:6      | Found Kuycvad's Distillery.
  3990 | D:6      | Bought 2 potions of agility for 80 gold pieces
  4343 | D:7      | Reached skill level 5 in Fighting
  4433 | D:7      | Reached ***** piety under Trog
  4497 | D:7      | Noticed Duvessa
  4498 | D:7      | Noticed Dowan
  4542 | D:8      | Reached skill level 5 in Armour
  4575 | D:8      | Found an iron altar of Okawaru.
  4829 | D:7      | Received a gift from Trog
  5036 | D:8      | Noticed a cyan ugly thing
  5084 | D:8      | Killed a cyan ugly thing
  5084 | D:8      | Reached XP level 10. HP: 63/63 MP: 10/10
  5246 | D:8      | Noticed a centaur warrior
  5256 | D:8      | Killed a centaur warrior
  5325 | D:8      | Noticed an unseen horror
  5330 | D:8      | Killed an unseen horror
  5402 | D:8      | Reached skill level 1 in Evocations
  5532 | D:8      | Found Igobul's Distillery.
  5541 | D:8      | Bought a potion of might for 60 gold pieces
  5541 | D:8      | Bought a potion of cancellation for 120 gold pieces
  5541 | D:8      | Bought a potion of magic for 120 gold pieces
  5728 | D:9      | Found a staircase to the Lair.
  5828 | D:9      | Found Jioji's Food Boutique.
  5873 | D:9      | Noticed a centaur warrior
  5884 | D:9      | Killed a centaur warrior
  5884 | D:9      | Reached skill level 10 in Armour
  5884 | D:9      | Reached XP level 11. HP: 67/71 MP: 11/13
  5895 | D:9      | Found Wanoj's Jewellery Boutique.
  5903 | D:9      | Bought a cursed ring of teleportation for 54 gold pieces
  6021 | D:9      | Found Cotodiy's Book Emporium.
  6067 | D:9      | Found Tifetoerr's Magic Scroll Shop.
  6081 | D:9      | Bought a scroll of blinking for 112 gold pieces
  6081 | D:9      | Bought a scroll of teleportation for 45 gold pieces
  6202 | D:9      | Found a hide-covered altar of Uskayaw.
  6275 | D:9      | Found Xacw's Jewellery Boutique.
  6345 | D:9      | Noticed Psyche
  6349 | D:9      | Killed Psyche
  6396 | D:10     | Entered Level 10 of the Dungeon
  6405 | D:10     | Received a gift from Trog
  6640 | D:10     | Reached skill level 11 in Long Blades
  6640 | D:10     | Reached skill level 5 in Evocations
  6775 | D:10     | Noticed a hill giant
  6793 | D:10     | Killed a hill giant
  6842 | D:10     | Found a sparkling altar of Nemelex Xobeh.
  6850 | D:10     | Noticed a hill giant
  6865 | D:10     | Killed a hill giant
  7054 | D:11     | Noticed an orange crystal statue
  7105 | D:11     | Noticed a hill giant
  7111 | D:11     | Killed a hill giant
  7235 | D:11     | Noticed a deep elf mage
  7266 | D:11     | Killed a deep elf mage
  7460 | D:11     | Noticed an unseen horror
  7550 | D:11     | Noticed a deep elf mage
  7573 | D:11     | Killed a deep elf mage
  7573 | D:11     | Reached XP level 12. HP: 42/76 MP: 5/17
  7585 | D:11     | Found Ijodamoi's Distillery.
  7726 | D:11     | Noticed a vampire mage
  7743 | D:11     | Killed a vampire mage
  7743 | D:11     | Reached skill level 12 in Long Blades
  7807 | D:11     | Found a staircase to the Orcish Mines.
  7886 | Orc:1    | Entered Level 1 of the Orcish Mines
  8208 | Orc:1    | Received a gift from Trog
  8390 | Orc:2    | Entered Level 2 of the Orcish Mines
  8508 | Orc:1    | Noticed Gastronok
  8558 | Orc:2    | Noticed an orc warlord
  8593 | Orc:1    | Received a gift from Trog
  8601 | Orc:1    | Killed an orc warlord
  8946 | Orc:2    | Found a staircase to the Elven Halls.
  9215 | Orc:1    | Killed Gastronok
  9344 | Orc:1    | Reached skill level 13 in Long Blades
  9697 | Orc:2    | Received a gift from Trog
  9736 | Orc:2    | Reached XP level 13. HP: 72/80 MP: 6/20
  9991 | Orc:2    | Reached skill level 10 in Evocations
 10017 | Orc:2    | Found Ociledgh's Food Shoppe.
 10017 | Orc:2    | Found Sugryczu's Book Boutique.
 10019 | Orc:2    | Found Aguh's Gadget Shop.
 10027 | Orc:2    | Found Zoxkiona's Assorted Antiques.
 10110 | Orc:2    | Bought a bone wand for 100 gold pieces
 10110 | Orc:2    | Bought a potion of curing for 75 gold pieces
 10110 | Orc:2    | Bought a potion of might for 100 gold pieces
 10110 | Orc:2    | Bought a scroll of teleportation for 75 gold pieces
 10446 | D:11     | Identified Tyimoehu's Reference Book on Helpful Transmutation
 10460 | D:11     | Identified Sif Muna's Reference Book on Intoxication and Earth
 10533 | D:11     | Identified Jidgh's Collected Works on the Birds and Stolen Souls
 10543 | D:11     | Found a deep blue altar of Sif Muna.
 10544 | D:11     | Noticed a deep elf sorcerer
 10555 | D:11     | Killed a deep elf sorcerer
 10575 | D:11     | Noticed a deep elf sorcerer
 10582 | D:11     | Killed a deep elf sorcerer
 10609 | D:11     | Identified the Catalogue of Fetching Poison
 10612 | D:11     | Identified Sif Muna's Catalogue of Earthen Ice
 10624 | D:11     | Identified the Reference Book on Unstable Transmigration
 10627 | D:11     | Identified the Tome of Twisted Confrontation
 10662 | D:11     | Reached skill level 14 in Long Blades
 10685 | D:11     | Identified Spellcraft, Part Two
 10830 | D:12     | Found Huczett's Gadget Boutique.
 10834 | D:12     | Found a flagged portal.
 10841 | D:12     | Bought a wand of digging (4/24) for 208 gold pieces
 10862 | Bailey   | Entered a bailey
 11346 | D:12     | Noticed Frances
 11379 | D:12     | Killed Frances
 11725 | D:13     | Received a gift from Trog
 11851 | D:13     | Found Pikom's General Store.
 12167 | Lair:1   | Entered Level 1 of the Lair of Beasts
 12328 | Lair:1   | Noticed Erica
 12354 | Lair:1   | Killed Erica
 12419 | Lair:1   | Received a gift from Trog
 12843 | Lair:2   | Gained mutation: Your large and strong wings let you fly indefinitely. [Gargoyle growth]
 12843 | Lair:2   | Reached XP level 14. HP: 48/86 MP: 22/22
 13468 | Lair:3   | Found a staircase to the Shoals.
 13919 | Lair:4   | Reached ****** piety under Trog
 14206 | Lair:4   | Reached skill level 5 in Dodging
 14222 | Lair:4   | Found a hole to the Spider Nest.
 14536 | Lair:5   | Received a gift from Trog
 14875 | Lair:6   | Entered Level 6 of the Lair of Beasts
 15425 | Lair:6   | Received a gift from Trog
 15468 | Lair:6   | Found a staircase to the Slime Pits.
 15719 | Lair:6   | Noticed a dire elephant
 15728 | Lair:6   | Killed a dire elephant
 15728 | Lair:6   | Reached XP level 15. HP: 65/90 MP: 18/24
 16379 | D:9      | Bought the ring "Adaxeastipp" {rPois rC++ MR+} for 601 gold pieces
 16379 | D:9      | Bought an uncursed amulet of regeneration for 360 gold pieces
 16517 | Spider:1 | Entered Level 1 of the Spider Nest
 16550 | Spider:1 | Reached skill level 10 in Dodging
 16680 | Spider:1 | Received a gift from Trog
 16830 | Spider:1 | Reached skill level 15 in Long Blades
 16842 | Spider:1 | Noticed Agnes
 16849 | Spider:1 | Killed Agnes
 16875 | Spider:1 | Reached skill level 10 in Fighting
 17778 | Spider:3 | Reached XP level 16. HP: 78/100 MP: 25/25
 17827 | Spider:3 | Received a gift from Trog
 18057 | Spider:3 | Reached skill level 16 in Long Blades
 18200 | Spider:3 | Noticed Mara
 18215 | Spider:3 | Noticed magipi's illusion
 18285 | Spider:4 | Entered Level 4 of the Spider Nest
 18432 | Spider:4 | Reached skill level 1 in Throwing
 18883 | Spider:4 | Received a gift from Trog
 19118 | Spider:4 | Received a gift from Trog
 19191 | Spider:4 | Reached skill level 17 in Long Blades
 19244 | Spider:4 | Reached skill level 5 in Throwing
 19305 | Spider:4 | Received a gift from Trog
 19455 | Spider:4 | Got a jewelled scale mail
 19456 | Spider:4 | Identified the +5 scale mail of the Failed Coup {Str+2} (You found it on level 4 of the Spider Nest)
 19578 | Spider:4 | Reached XP level 17. HP: 77/104 MP: 21/26
 19653 | Spider:4 | Got a gossamer rune of Zot
 19891 | Shoals:1 | Entered Level 1 of the Shoals
 19927 | Shoals:1 | Found a frozen archway.
 19967 | IceCv    | Entered an ice cave
 20804 | Shoals:1 | Upgraded the game from 0.19-a0-1019-g9c6a58d to 0.19-a0-1021-g80cc50c
 20871 | Shoals:1 | Received a gift from Trog
 21361 | Shoals:2 | Received a gift from Trog
 21380 | Shoals:2 | Got a pair of warped gloves
 21479 | Shoals:2 | Identified the +2 pair of gloves of Jomiwer {MR+} (You found it on level 2 of the Shoals)
 21736 | Shoals:3 | Reached skill level 18 in Long Blades
 22039 | Shoals:3 | Found Josieda's Weapon Shop.
 22138 | Shoals:3 | Received a gift from Trog
 22571 | Shoals:3 | Received a gift from Trog
 22621 | Shoals:4 | Entered Level 4 of the Shoals
 22663 | Shoals:4 | Reached XP level 18. HP: 108/110 MP: 27/27
 22668 | Shoals:4 | Found Hophytetz's General Store.
 22680 | Shoals:4 | Bought 7 curare-tipped needles for 63 gold pieces
 22680 | Shoals:4 | Bought a potion of curing for 45 gold pieces
 22825 | Shoals:4 | Reached skill level 10 in Throwing
 23087 | Shoals:4 | Noticed Ilsuiw
 23121 | Shoals:4 | Killed Ilsuiw
 23197 | Shoals:4 | Got a barnacled rune of Zot
 23318 | Shoals:1 | Received a gift from Trog
 23558 | D:13     | Noticed Ijustatesigmund's ghost (journeyman DsBe)
 23580 | D:13     | Killed Ijustatesigmund's ghost
 23615 | D:13     | Found a glowing golden altar of the Shining One.
 24290 | D:14     | Found a gate to the Vaults.
 24646 | D:15     | Entered Level 15 of the Dungeon
 24705 | D:15     | Reached skill level 19 in Long Blades
 25020 | D:15     | Found a glowing golden altar of the Shining One.
 25033 | D:15     | Received a gift from Trog
 25538 | D:15     | Gained mutation: Scrolls take you a little longer to read. [a shining eye]
 25562 | D:15     | Found a staircase to the Depths.
 25738 | D:11     | Bought a potion of cure mutation for 400 gold pieces
 25738 | D:11     | Bought a potion of heal wounds for 80 gold pieces
 25738 | D:11     | Bought a potion of resistance for 160 gold pieces
 25741 | D:11     | Lost mutation: Scrolls take you a little longer to read. [potion of cure mutation]
 25817 | D:9      | Bought a scroll of enchant armour for 112 gold pieces
 25817 | D:9      | Bought a scroll of enchant armour for 112 gold pieces
 25817 | D:9      | Bought a scroll of holy word for 112 gold pieces
 26033 | Slime:1  | Entered Level 1 of the Pits of Slime
 26092 | Slime:2  | Reached XP level 19. HP: 115/115 MP: 28/28
 26175 | Slime:4  | Received a gift from Trog
 26376 | Slime:4  | Gained mutation: You are dopey. (Int -2) [a shining eye]
 26401 | Slime:5  | Entered Level 5 of the Pits of Slime
 26573 | Slime:5  | Gained mutation: Potions and wands are less effective at restoring your health. [a shining eye]
 26591 | Slime:5  | Noticed the Royal Jelly
 26603 | Slime:5  | Killed the Royal Jelly
 26609 | Slime:5  | HP: 6/172 [acid (4)]
 26610 | Slime:5  | Slain by an azure jelly

Inventory:

Hand Weapons
 a - a +9 great sword of electrocution (weapon)
 h - a +7 triple sword of flaming
 z - a +5 antimagic great sword
Missiles
 q - 13 poisoned javelins
 T - 3 silver javelins (quivered)
 V - a throwing net
Armour
 l - a +1 fire dragon armour (worn)
 m - a +1 cloak of cold resistance (worn)
 s - a +2 helmet (worn)
 x - a +1 pair of boots (worn)
 N - the +2 pair of gloves of Jomiwer (worn) {MR+}
   (You found it on level 2 of the Shoals)

   It affects your resistance to hostile enchantments.
Jewellery
 c - the ring "Adaxeastipp" (right hand) {rPois rC++ MR+}
   (You bought it in a shop on level 9 of the Dungeon)

   [ring of poison resistance]

   It greatly protects you from cold.
   It protects you from poison.
   It affects your resistance to hostile enchantments.
 i - an uncursed ring of see invisible
 r - an amulet of regeneration (around neck)
 Q - a ring of resist corrosion (left hand)
Wands
 n - a wand of digging (9/24)
 o - a wand of disintegration (7/24)
 p - a wand of paralysis (11/24)
 D - a wand of iceblast (7/15)
 G - a wand of confusion (12/48)
 K - a wand of polymorph (10/24)
 M - a wand of disintegration (2/24)
 X - a wand of teleportation (5/9)
 Y - a wand of hasting (2/9)
Scrolls
 e - 9 scrolls of remove curse
 f - 7 scrolls of teleportation
 u - 4 scrolls of fear
 v - 3 scrolls of fog
 C - 2 scrolls of magic mapping
 F - 13 scrolls of identify
 L - 2 scrolls of blinking
 P - 2 scrolls of recharging
Potions
 d - 19 potions of curing
 j - a potion of resistance
 w - 2 potions of lignification
 B - a potion of haste
 E - 6 potions of heal wounds
 H - a potion of cancellation
 I - 5 potions of magic
 O - a potion of invisibility
 S - 3 potions of might
 U - a potion of agility
Miscellaneous
 J - a phial of floods
 R - a box of beasts
 W - a disc of storms
 Z - a lamp of fire
Comestibles
 g - 9 meat rations
 A - 9 bread rations


   Skills:
 - Level 11.3 Fighting
 - Level 19.2 Long Blades
 - Level 10.0 Throwing
 + Level 13.7 Armour
 + Level 12.5 Dodging
 - Level 12.1 Evocations


You had 18 spell levels left.
You didn't know any spells.

Dungeon Overview and Level Annotations

Branches:
Dungeon (15/15)            Temple (1/1) D:5            Lair (6/6) D:9
 Shoals (4/4) Lair:3       Spider (4/4) Lair:4        Slime (5/5) Lair:6
    Orc (2/2) D:11            Elf (0/3) Orc:2        Vaults (0/5) D:14
 Depths (0/5) D:15

Altars:
Ashenzari
Cheibriados
Dithmenos
Elyvilon
Fedhas
Gozag
Hepliaklqana
Makhleb
Nemelex Xobeh
Okawaru
Pakellas
Qazlal
Ru
Sif Muna
Trog
Uskayaw
Vehumet
Xom
Yredelemnul
Zin
The Shining One

Shops:
D:5 }   D:6 !   D:8 !   D:9 %=:=?   D:11 !   D:12 }   D:13 *   Orc:2 *%:}
Shoals:3 (   Shoals:4 *

Annotations:
D:5 Pikel
D:7 Dowan, Duvessa
D:11 exclusion: orange crystal statue


Innate Abilities, Weirdness & Mutations

You are resistant to torment.
Your stone body is resilient. (AC +13)
You are immune to poison.
Your large and strong wings let you fly indefinitely.
You resist negative energy. (rN+)
You are resistant to electric shocks. (rElec)
You can survive without breathing.
You are immune to petrification.
You are immune to rotting.
You are dopey. (Int -2)
Potions and wands are less effective at restoring your health.

Vault maps used:
D:1:      onia_arrival_larder, hex_medium
D:2:      lemuel_coloured_pillars_altar, minmay_split_cup_large
D:3:      minmay_misc_feat_rows, uniq_robin
D:4:      first_bread, uniq_menkaure, uniq_sigmund, uniq_blork_the_orc
D:5:      minmay_thick_lines, nemelex_xobeh_ov_fountains_minmay, serial_shops,
          nicolae_shop_crystal, uniq_pikel
D:6:      serial_shops, shop_fountains, uniq_edmund
D:7:      nicolae_underground_beach, uniq_duvessa
D:8:      hangedman_cross_veins, okawaru_trees_1, serial_shops,
          nicolae_shop_waterfront, hangedman_little_slice_of_home
D:9:      eat_drink_and_be_merry_uskayaw, david_lair_shrubbed, serial_shops,
          shop, nicolae_shop_stone, shop, shop, nicolae_shop_statue_plus,
          uniq_psyche
D:10:     nemelex_diamond_rough_becter
D:11:     evilmike_library_of_no_secrets, david_orc_1_choice, serial_shops,
          nicolae_shop_temple_entry_statues_fountains, minmay_statue_bubble
D:12:     serial_shops, shop_statue, enter_bailey_2, uniq_frances
D:13:     serial_shops, kennysheep_mini, tso_metal_star
D:14:     david_vaults_4
D:15:     gammafunk_enter_depths_forms, old_standard_altar
Temple:   eino_narrow_crystal_temple
Lair:1:   serial_forest, infiniplex_forest_clump_large,
          infiniplex_forest_clump_curved, infiniplex_forest_clump_small,
          infiniplex_forest_zigzag_1, serial_bayou_shore_b, uniq_erica
Lair:2:   grunt_megastairs_4, infiniplex_staircase_pool, lemuel_fruit_tree,
          serial_bayou_shore_b
Lair:3:   elwin_shoals_entry_rocks, serial_bayou_pond_a,
          nicolae_quartered_pool_super
Lair:4:   nicolae_spider_entry_tight_spaces, st_stairs_7, forest_entry_grove
Lair:5:   cheibrodos_lair_reptile_den, grunt_megastairs_3
Lair:6:   due_jungle_book, minmay_slime_entry_jelly_boxes, lookout_lair_type,
          minivault_24
Shoals:1: portal_ice_cave_entry_pillars_2, nicolae_shoals_loop_pool
Shoals:2: hangedman_shoal_volcano
Shoals:3: cheibrodos_shoals_oceanic_diplomacy, serial_shops, shop
Shoals:4: shoals_end_hangedman, shoal_ilsuiw, serial_shops,
          nicolae_shop_statue_plus
Spider:1: uniq_agnes
Spider:2: nicolae_spider_circle_web, guppyfry_spider_mini_1
Spider:3: nicolae_orb_stairs_large, uniq_mara
Spider:4: grunt_spider_rune_parallel
Slime:2:  cheibrodos_slime_lost_civilization_6
Slime:5:  uniq_dissolution
Orc:1:    uniq_gastronok
Orc:2:    st_orc_rangers
Bailey:   bailey_polearm_1, bailey
IceCv:    ice_cave_caverns_01


Message History

* * * LOW HITPOINT WARNING * * *
You are splashed with acid!
The acid burns!
You resist.
* * * LOW HITPOINT WARNING * * *
The Royal Jelly hits you but does no damage.
Something hits your stone giant but does no damage.
Something hits your stone giant!
The acid blob jiggles.
The acid blob spits acid at you. The splash of acid hits you!
The acid burns!
You resist.
* * * LOW HITPOINT WARNING * * *
The splash of acid hits your stone giant.
The acid corrodes your stone giant! The azure jelly barely misses you.
You riposte.
You open the azure jelly like a pillowcase!!!
You kill the azure jelly!
That felt strangely unrewarding.
Your system partially rejects the healing.
You feel much better.
Your stone giant hits the Royal Jelly!!
Your stone giant is burned by acid!
The Royal Jelly shudders.
The Royal Jelly spits out another jelly.
The Royal Jelly hits you but does no damage.
The Royal Jelly completely misses you.
A red film seems to cover your vision as you go berserk!
You feel yourself moving faster!
You feel mighty!
You feel somewhat more hungry.
Your stone giant hits the Royal Jelly!!
The Royal Jelly dies!
Trog accepts your kill.
Suddenly, the colour oozes out of the stone walls.
With an infernal noise, the power ruling this place vanishes!
You feel your intelligence returning.
One of the Royal Jelly's fragments survives.
The death ooze hits your stone giant!
Your stone giant looks less resilient! x2
The death ooze hits your stone giant!
Your stone giant dies!
Your stone giant's corpse disappears in a puff of smoke!
The acid blob hits you!
* * * LOW HITPOINT WARNING * * *
You are splashed with acid!
The acid corrodes you!
The acid burns!
You resist.
* * * LOW HITPOINT WARNING * * *
A death ooze comes into view.
The death ooze quivers.
Found thirty-four items. 4 jellies, 2 shining eyes and a great orb of eyes come into view.
You open the acid blob like a pillowcase!!!
Your hands burn!
* * * LOW HITPOINT WARNING * * *
The acid blob is heavily wounded.
The acid blob spits acid at you. The splash of acid hits you!
The acid burns!
You resist.
* * * LOW HITPOINT WARNING * * *
The acid blob hits you but does no damage.
You slice the acid blob!!
Your hands burn!
* * * LOW HITPOINT WARNING * * *
The acid blob is severely wounded.
The acid blob hits you but does no damage.
You slice the acid blob!!
Your hands burn!
* * * LOW HITPOINT WARNING * * *
The acid blob is almost dead.
The acid blob barely misses you.
You riposte.
You slice the acid blob!!
You kill the acid blob!
That felt strangely unrewarding.
The acid blob misses you.
You riposte.
You slash the acid blob!
The acid blob is lightly wounded.
A slime creature comes into view.
You hit the azure jelly.
The azure jelly is lightly wounded.
The acid blob spits acid at you. The splash of acid hits you! You resist.
* * * LOW HITPOINT WARNING * * *
The acid burns!
You resist.
* * * LOW HITPOINT WARNING * * *
Unknown command.
You completely miss the azure jelly.
The azure jelly is lightly wounded.
The azure jelly hits you but does no damage.
The azure jelly misses you. x2
The azure jelly hits you but does no damage.
The acid blob spits acid at you. The splash of acid hits you!
The acid burns!
You resist.
* * * LOW HITPOINT WARNING * * *
Unknown command.
You slice the acid blob!!
There is a sudden explosion of sparks!
Your hands burn!
* * * LOW HITPOINT WARNING * * *
The acid blob is severely wounded.
The acid blob spits acid at you. The splash of acid hits you! You resist.
* * * LOW HITPOINT WARNING * * *
The acid burns!
You resist.
* * * LOW HITPOINT WARNING * * *
Unknown command.
You hit the acid blob.
Your hands burn!
* * * LOW HITPOINT WARNING * * *
The acid blob is severely wounded.
The azure jelly completely misses you.
You riposte.
You slice the azure jelly!!
The azure jelly is moderately wounded.
The azure jelly hits you but does no damage.
The azure jelly hits you.
You die...

#................
##.#[!?##...............
#..##):?###.............
#.##/)φ)!##.............
#..##$}$)##.............
##.#}#?!###.............
#..#########............
.JG.#JJJ#...............
...JGJJ#@JJ##............
##..########.............
##J#)#?[####............
#.G##?)$?###............
#.##(:(|[###.........
#..##)|)###..........
##.#(!)###...........
#..##!###...........
.......


You could see 4 acid blobs, 2 azure jellies, a great orb of eyes, 2 slime
creatures, 2 shining eyes and 2 death oozes.

Vanquished Creatures
  7 acid blobs
  A kraken (Shoals:4)
  Gastronok (Orc:1)
  Agnes (Spider:1)
  Ilsuiw (Shoals:4)
  5 azure jellies
  An orc warlord (Orc:1)
  3 emperor scorpions
  3 ghost moths (Spider:4)
  2 deep elf sorcerers (D:11)
  An entropy weaver (Spider:2)
  A lorocyproca (Shoals:3)
  6 dire elephants (Lair:6)
  2 blizzard demons (IceCv)
  9 merfolk impalers
  5 merfolk javelineers
  The ghost of Ijustatesigmund the Cleaver, a journeyman DsBe of Trog (D:13)
  2 spark wasps (Spider:4)
  A fire dragon (D:15)
  2 ogre magi (D:15)
  A rakshasa (D:15)
  7 hydras
  An ice dragon (D:14)
  Erica (Lair:1)
  3 merfolk avatars
  An anaconda (Lair:6)
  A catoblepas (Lair:6)
  4 merfolk aquamancers
  4 satyrs
  5 centaur warriors
  A dancing weapon (Orc:2)
  2 vampire magi (D:11)
  A fire crab (Shoals:2)
  A sea snake (shapeshifter) (D:15)
  3 giant orange brains
  4 sea snakes
  An unseen horror (shapeshifter) (D:15)
  2 unseen horrors
  5 orc knights
  11 ugly things
  16 harpies
  A shining eye (shapeshifter) (D:15)
  3 hill giants
  19 orb spiders
  9 deep elf magi
  30 wolf spiders
  2 orc sorcerers (D:11)
  4 cyclopes
  8 hornets
  13 fauns
  5 manticores
  9 griffons
  2 moths of wrath (Spider:4)
  5 shining eyes
  2 black mambas
  6 spiny frogs
  A water nymph (Shoals:4)
  2 naga magi (D:11)
  12 elephants
  An ice statue (IceCv)
  7 sirens
  2 centaur skeletons
  A rime drake (Lair:6)
  8 komodo dragons
  4 freezing wraiths
  11 demonic crawlers
  3 golden dragon simulacra (IceCv)
  A queen bee (shapeshifter) (D:15)
  5 ice devils (IceCv)
  9 trolls
  5 anaconda simulacra (IceCv)
  3 meliai (D:15)
  29 merfolk
  A polar bear (Lair:4)
  A two-headed ogre (shapeshifter) (D:15)
  15 blink frogs
  41 jumping spiders
  3 boulder beetles
  47 slime creatures
  7 two-headed ogres
  9 snapping turtles
  Sigmund (D:4)
  2 spriggans (Lair:4)
  61 redbacks
  2 wraiths
  2 dire elephant simulacra (IceCv)
  2 fire bats (Shoals:2)
  36 tarantellas
  3 water elementals (Shoals:3)
  2 hungry ghosts
  28 yaks
  3 basilisks
  9 hippogriffs
  2 mottled dragons
  3 vampire mosquitoes (D:14)
  Menkaure (D:4)
  3 harpy simulacra (IceCv)
  Edmund (D:6)
  7 wargs
  2 iron troll simulacra (IceCv)
  5 porcupines
  3 hydra simulacra (IceCv)
  12 water moccasins
  An ettin simulacrum (IceCv)
  2 black bears
  A slave (D:5)
  3 wasps
  49 orc warriors
  6 ice beasts
  2 sky beasts
  6 eyes of draining
  20 ogres
  A necrophage (D:8)
  7 wolves (Lair:4)
  2 phantoms
  17 centaurs
  11 crocodiles
  2 big kobolds
  18 giant frogs
  Blork the orc (D:4)
  A water moccasin zombie (D:6)
  A wyvern skeleton (D:13)
  A water moccasin skeleton (D:6)
  8 scorpions
  3 elephant simulacra (IceCv)
  13 killer bees
  6 wights
  5 howler monkeys
  2 electric eels
  A lava snake (D:14)
  3 crimson imps
  6 centaur zombies
  A giant frog zombie (D:6)
  A quasit (D:12)
  6 draconian simulacra (IceCv)
  23 orc priests
  11 hounds
  23 jellies
  3 giant frog skeletons
  29 orc wizards
  9 iguanas
  2 spriggan simulacra (IceCv)
  6 worker ants
  A polar bear simulacrum (IceCv)
  26 sheep
  7 troll simulacra (IceCv)
  2 centaur simulacra
  A hound zombie (D:8)
  A worker ant zombie (D:9)
  Robin (D:3)
  6 gnolls
  19 adders
  A naga simulacrum (IceCv)
  84 river rats
  4 shadow imps
  4 white imps (IceCv)
  5 ufetubi (IceCv)
  6 oozes
  2 adder zombies
  An adder skeleton (D:5)
  3 worms
  2 dart slugs
  5 giant geckos
  91 orcs
  4 giant cockroaches (D:1)
  17 goblins
  8 hobgoblins
  9 jackals
  8 quokkas
  3 bats
  2 giant gecko zombies
  3 giant newts
  13 kobolds
  2 quokka skeletons
  6 rats
  4 tentacles (Shoals:4)
1330 creatures vanquished.

Vanquished Creatures (collateral kills)
  the Royal Jelly (Slime:5)
  An acid blob (Slime:4)
  Frances (D:12)
  A merfolk javelineer (Shoals:4)
  A merfolk impaler (Shoals:4)
  3 merfolk avatars
  A sea snake (Shoals:4)
  A harpy (Shoals:4)
  A wolf spider (Spider:1)
  A deep elf mage (D:11)
  A hornet (Spider:1)
  3 manticores
  A siren (Shoals:1)
  A naga mage (D:11)
  Psyche (D:9)
  A demonic crawler (Spider:1)
  4 jumping spiders (Spider:1)
  2 merfolk (Shoals:2)
  A wind drake (Shoals:2)
  A redback (Spider:1)
  A warg (Orc:1)
  A big kobold (D:5)
  A sheep (Shoals:2)
  An orc (Orc:1)
32 creatures vanquished.

Vanquished Creatures (others)
  A wolf spider (Spider:4)
  A redback (Spider:2)
  3 fungi
  4 plants
  6 tentacles (Shoals:4)
  91 tentacle segments (Shoals:4)
106 creatures vanquished.

Grand Total: 1468 creatures vanquished

Action                   |  1- 3 |  4- 6 |  7- 9 | 10-12 | 13-15 | 16-18 | 19-21 || total
-------------------------+-------+-------+-------+-------+-------+-------+-------++-------
Melee: Falchion          |   131 |   172 |    37 |    42 |       |       |       ||   382
       Great sword       |       |       |   349 |   553 |   505 |  1928 |   230 ||  3565
       Scimitar          |       |       |       |   183 |  1208 |       |       ||  1391
       Triple sword      |       |       |       |       |       |     3 |       ||     3
Throw: Javelin           |       |       |     2 |     2 |       |     4 |     1 ||     9
Invok: Berserk           |     1 |     5 |    10 |    19 |     5 |     9 |     3 ||    52
       Trog's Hand       |       |     1 |       |     2 |     5 |     9 |     1 ||    18
       Brothers in Arms  |       |       |       |     2 |     3 |     6 |     3 ||    14
 Abil: Fly               |       |       |       |       |       |     1 |       ||     1
       Stop Flying       |       |       |       |       |       |     1 |       ||     1
Evoke: Wand              |       |       |       |     4 |    32 |    37 |     1 ||    74
  Use: Scroll            |       |       |    19 |     7 |    15 |    15 |     1 ||    57
       Potion            |       |       |       |     1 |       |     3 |     5 ||     9
 Stab: Sleeping          |     1 |       |       |       |       |       |       ||     1
       Paralysed         |       |       |       |       |    24 |     5 |       ||    29
       Confused          |       |       |       |       |       |     2 |       ||     2
       Distracted        |       |       |       |       |       |     1 |       ||     1
  Eat: Chunk             |     1 |     8 |    15 |    30 |    13 |    19 |       ||    86
       Beef jerky        |       |     1 |     1 |       |     3 |     2 |       ||     7
       Meat ration       |       |       |     1 |       |       |     2 |     1 ||     4
       Royal jelly       |       |       |       |     4 |     8 |       |       ||    12
       Fruit             |       |       |       |     3 |       |       |       ||     3
       Pizza             |       |       |       |       |     1 |       |       ||     1
       Bread ration      |       |       |       |       |       |     4 |       ||     4
Armor: Animal skin       |    11 |       |       |       |       |       |       ||    11
       Ring mail         |    29 |    66 |    35 |       |       |       |       ||   130
       Chain mail        |       |       |   187 |   487 |  1035 |  1135 |       ||  2844
       Gold dragon armou |       |       |       |       |     1 |       |       ||     1
       Fire dragon armou |       |       |       |       |       |    28 |   144 ||   172
Dodge: Dodged            |    59 |    65 |   143 |   277 |   872 |  1089 |   115 ||  2620

Action                   |  1- 3 |  4- 6 |  7- 9 | 10-12 | 13-15 | 16-18 | 19-21 || total
-------------------------+-------+-------+-------+-------+-------+-------+-------++-------
Melee: Falchion          |   131 |   172 |    37 |    42 |       |       |       ||   382
       Great sword       |       |       |   349 |   553 |   505 |  1928 |   230 ||  3565
       Scimitar          |       |       |       |   183 |  1208 |       |       ||  1391
       Triple sword      |       |       |       |       |       |     3 |       ||     3
Throw: Javelin           |       |       |     2 |     2 |       |     4 |     1 ||     9
Invok: Berserk           |     1 |     5 |    10 |    19 |     5 |     9 |     3 ||    52
       Trog's Hand       |       |     1 |       |     2 |     5 |     9 |     1 ||    18
       Brothers in Arms  |       |       |       |     2 |     3 |     6 |     3 ||    14
 Abil: Fly               |       |       |       |       |       |     1 |       ||     1
       Stop Flying       |       |       |       |       |       |     1 |       ||     1
Evoke: Wand              |       |       |       |     4 |    32 |    37 |     1 ||    74
  Use: Scroll            |       |       |    19 |     7 |    15 |    15 |     1 ||    57
       Potion            |       |       |       |     1 |       |     3 |     5 ||     9
 Stab: Sleeping          |     1 |       |       |       |       |       |       ||     1
       Paralysed         |       |       |       |       |    24 |     5 |       ||    29
       Confused          |       |       |       |       |       |     2 |       ||     2
       Distracted        |       |       |       |       |       |     1 |       ||     1
  Eat: Chunk             |     1 |     8 |    15 |    30 |    13 |    19 |       ||    86
       Beef jerky        |       |     1 |     1 |       |     3 |     2 |       ||     7
       Meat ration       |       |       |     1 |       |       |     2 |     1 ||     4
       Royal jelly       |       |       |       |     4 |     8 |       |       ||    12
       Fruit             |       |       |       |     3 |       |       |       ||     3
       Pizza             |       |       |       |       |     1 |       |       ||     1
       Bread ration      |       |       |       |       |       |     4 |       ||     4
Armor: Animal skin       |    11 |       |       |       |       |       |       ||    11
       Ring mail         |    29 |    66 |    35 |       |       |       |       ||   130
       Chain mail        |       |       |   187 |   487 |  1035 |  1135 |       ||  2844
       Gold dragon armou |       |       |       |       |     1 |       |       ||     1
       Fire dragon armou |       |       |       |       |       |    28 |   144 ||   172
Dodge: Dodged            |    59 |    65 |   143 |   277 |   872 |  1089 |   115 ||  2620
